 Dungeon Crawl Stone Soup version 0.25-a0-341-g6f074c887a (webtiles) character file.

Game seed: 12655787498834244807, levelgen mode: deterministic

3142 Crag the Transmogrifier (level 9, -3/53 HPs)
             Began as an Octopode Transmuter on Dec 1, 2019.
             Was a Priest of Cheibriados.
             Slain by an ogre
             ... wielding a +0 giant spiked club
              (31 damage)
             ... on level 8 of the Dungeon on Dec 30, 2019.
             The game lasted 00:37:50 (10528 turns).

Crag the Transmogrifier (Octopode Transmuter)      Turns: 10528, Time: 00:37:50

Health: -3/53      AC:  1    Str: 20    XL:     9   Next: 93%
Magic:  18/18      EV: 18    Int: 23    God:    Cheibriados [***...]
Gold:   429        SH:  0    Dex: 20    Spells: 3/20 levels left

rFire    + . .     SeeInvis .     - Unarmed
rCold    . . .     Gourm    .   (no shield)
rNeg     . . .     Faith    .   (helmet restricted)
rPois    .         Spirit   .   (no amulet)
rElec    .         Reflect  .   k - ring of wizardry
rCorr    .         Harm     .   p - ring of protection from fire
MR       .....                  (no ring)
Stlth    +++.......             (no ring)
HPRegen  0.17/turn              (no ring)
MPRegen  0.16/turn              (no ring)
                                (no ring)
                                (no ring)

@: very slow
A: almost no armour, stealthy swim, amphibious, 8 rings, constrict 8, tentacle
spike 2, camouflage 1, strong 1, gelatinous body 1
a: Bend Time, Temporal Distortion, Renounce Religion


You were on level 8 of the Dungeon.
You worshipped Cheibriados.
Cheibriados was most pleased with you.
You were hungry.

You visited 2 branches of the dungeon, and saw 9 of its levels.
You also visited: Ossuary.

You collected 429 gold pieces.

Inventory:

Missiles
 a - 151 arrows
 g - 291 stones (quivered)
Jewellery
 k - a ring of wizardry (left tentacle)
 p - a ring of protection from fire (right tentacle)
Wands
 m - a wand of polymorph (3)
 w - a wand of flame (12)
 y - a wand of iceblast (7)
Scrolls
 b - 2 scrolls of enchant weapon
 i - 4 scrolls of amnesia
 j - 3 scrolls of identify
 l - 3 scrolls of teleportation
 r - 4 scrolls of remove curse
 s - a scroll of fog
 v - a scroll of magic mapping
Potions
 e - 2 potions of agility
 f - 3 potions of mutation
 o - a potion of berserk rage
 q - a potion of lignification
 u - a potion of heal wounds
 A - a potion of flight
Comestibles
 c - 19 rations


   Skills:
 + Level 1.5 Fighting
 + Level 6.1 Dodging
 + Level 7.2 Unarmed Combat
 + Level 6.2 Spellcasting
 - Level 1.0 Conjurations
 - Level 8.0 Transmutations


You had 3 spell levels left.
You knew the following spells:

 Your Spells              Type           Power        Failure   Level  Hunger
a - Blink                 Tloc           N/A          5%          2    None
b - Beastly Appendage     Tmut           #####.       1%          1    None
c - Spider Form           Tmut/Pois      ####......   1%          3    #......
d - Regeneration          Chrm/Necr      #.........   11%         3    #......
e - Blade Hands           Tmut           #####.....   3%          5    #####..
f - Mephitic Cloud        Conj/Pois/Air  #.......     9%          3    #......

Your spell library contained the following spells:

 Spells                   Type           Power        Failure   Level  Hunger
 Sticks to Snakes         Tmut           #####...     1%          2    None
 Magic Dart               Conj           ##..         2%          1    None
 Animate Skeleton         Necr           N/A          3%          1    None
 Freeze                   Ice            #...         3%          1    None
 Pain                     Necr           #...         3%          1    None
 Call Imp                 Summ           #.......     5%          2    None
 Slow                     Hex            #.......     5%          2    None
 Conjure Flame            Conj/Fire      #.......     9%          3    #......
 Ozocubu's Armour         Chrm/Ice       #.......     11%         3    #......
 Vampiric Draining        Necr           #.........   11%         3    #......
 Ice Form                 Ice/Tmut       ####....     6%          4    ###....
 Hailstorm                Conj/Ice       #.......     26%         4    ###....
 Animate Dead             Necr           N/A          32%         4    ###....
 Summon Ice Beast         Ice/Summ       #.......     32%         4    ###....


Dungeon Overview and Level Annotations

Branches:
Dungeon (8/15)             Temple (1/1) D:4         Ossuary (visited)
   Lair: D:8-11

Altars:
Ashenzari
Cheibriados
Dithmenos
Elyvilon
Fedhas
Gozag
Kikubaaqudgha
Makhleb
Nemelex Xobeh
Okawaru
Ru
Sif Muna
Trog
Uskayaw
Vehumet
Wu Jian
Xom
Yredelemnul
Zin
The Shining One

Shops:
D:3 *   D:6 [   D:7 =

Annotations:
D:8 1 runed translucent door, an12's ghost, novice GrMo


Innate Abilities, Weirdness & Mutations

You cannot wear most types of armour.
You are very stealthy in the water. (Stealth+)
You are amphibious.
You can wear up to eight rings at the same time.
You can use your tentacles to constrict eight enemies at once.
Your skin changes colour to match your surroundings (Stealth+).
Your rubbery body absorbs attacks. (AC +1, EV +1)
One of your tentacles bears a nasty spike.
Your muscles are strong. (Str +2)


Message History

g - 291 stones (gained 9)
There is a stone staircase leading down here.
Found a scroll of noise.
c - 19 rations (gained 1)
You are feeling hungry.
Found a dagger.
You see here a dagger.
You see here a wand of random effects (12).
Found a hand crossbow and a dwarf skeleton.
Found a human skeleton.
An ogre comes into view. It is wielding a +0 giant spiked club.
Found a throwing net and 5 rations.
The ogre shouts!
The ogre hits you with a +0 giant spiked club!!
You see here a throwing net.
You barely miss the ogre. You squeeze the ogre!
The ogre is moderately wounded.
The ogre hits you with a +0 giant spiked club!!
Ouch! That really hurt!
You die...

...######.#
..........#
.#....##### ....#.#
....#.######
.#.(.[.....##
.#..........## #####
##....../....###%O%#
..>.........#..#@§%#
.#.###.########.)÷÷#
.#.# #.# ######
...###.# ....<#.#
....##.# .......#
########


You could see an ogre.

Vanquished Creatures
  Grinder (D:5)
  Sigmund (D:5)
  Edmund (D:5)
  2 orc warriors
  2 ice beasts
  3 ogres
  2 sky beasts (D:8)
  2 centaurs (D:8)
  A big kobold (D:7)
  3 bullfrogs
  A scorpion (D:8)
  4 howler monkeys
  4 crimson imps
  2 hounds
  2 human zombies (Ossuary)
  A jelly (D:6)
  3 bullfrog skeletons
  A centaur skeleton (D:7)
  7 orc priests
  3 orc wizards
  An iguana (D:7)
  Natasha (thrice) (D:2)
  5 worker ants
  A hound zombie (D:7)
  2 mummies (Ossuary)
  2 worker ant zombies
  3 gnolls (D:5)
  8 adders
  4 oozes
  2 adder zombies
  An adder skeleton (D:8)
  A worm (D:4)
  4 dart slugs
  5 leopard geckos
  18 orcs
  6 giant cockroaches
  4 goblins
  5 hobgoblins
  7 jackals (D:4)
  12 kobolds
  4 quokkas
  A ball python (D:2)
  7 bats
  7 frilled lizards
  2 goblin zombies (Ossuary)
  6 hobgoblin zombies (Ossuary)
  18 kobold zombies (Ossuary)
  2 leopard gecko skeletons
  5 orc zombies (Ossuary)
  9 rats
201 creatures vanquished.

Notes
Turn   | Place    | Note
-------+----------+-------------------------------------------
     0 | D:1      | Crag the Octopode Transmuter began the quest for the Orb.
     0 | D:1      | Reached XP level 1. HP: 13/13 MP: 3/3
   294 | D:1      | Reached XP level 2. HP: 18/18 MP: 5/5
   757 | D:1      | Reached XP level 3. HP: 8/23 MP: 6/6
  1086 | D:1      | Learned a level 3 spell: Spider Form
  1707 | D:2      | Learned a level 1 spell: Magic Dart
  1992 | D:2      | Reached XP level 4. HP: 21/28 MP: 7/7
  2161 | D:2      | Noticed Natasha
  2169 | D:2      | Killed Natasha
  2268 | D:2      | Noticed Natasha
  2280 | D:2      | Killed Natasha
  2280 | D:2      | Reached skill level 1 in Conjurations
  2280 | D:2      | Reached skill level 3 in Transmutations
  2280 | D:2      | Reached XP level 5. HP: 14/33 MP: 4/8
  2567 | D:2      | Noticed Natasha
  2576 | D:2      | Killed Natasha
  2799 | D:3      | Learned a level 3 spell: Regeneration
  3267 | D:3      | Found an opulent altar of Gozag.
  3465 | D:3      | Found Gozag's Platinum Reserve.
  3521 | D:4      | Reached XP level 6. HP: 38/38 MP: 10/10
  3528 | D:4      | Found a staircase to the Ecumenical Temple.
  3538 | D:4      | Found a sand-covered staircase.
  3543 | Ossuary  | Entered an ossuary
  3884 | Ossuary  | Gained mutation: One of your tentacles bears a spike.
                  | [potion of mutation]
  3884 | Ossuary  | Gained mutation: You evolve. [potion of mutation]
  3884 | Ossuary  | Gained mutation: One of your tentacles bears a nasty spike.
                  | [potion of mutation]
  4167 | Ossuary  | Reached skill level 4 in Transmutations
  4186 | Ossuary  | HP: 1/38 [human zombie (8)]
  4505 | Temple   | Entered the Ecumenical Temple
  4531 | Temple   | Became a worshipper of Cheibriados the Contemplative
  4891 | D:4      | Found a sparkling altar of Nemelex Xobeh.
  4891 | D:4      | Found a hide-covered altar of Uskayaw.
  5128 | D:4      | Reached XP level 7. HP: 41/43 MP: 10/12
  5755 | D:5      | Entered Level 5 of the Dungeon
  5868 | D:5      | Noticed Sigmund
  5874 | D:5      | Killed Sigmund
  5874 | D:5      | Reached * piety under Cheibriados
  5874 | D:5      | Reached skill level 5 in Transmutations
  5882 | D:5      | Learned a level 5 spell: Blade Hands
  5942 | D:5      | Reached skill level 5 in Unarmed Combat
  5942 | D:5      | Reached XP level 8. HP: 6/48 MP: 11/14
  5944 | D:5      | HP: 2/48 [orc wizard/+0 dagger (4)]
  6415 | D:5      | Found a sacrificial altar of Ru.
  6456 | D:5      | Reached skill level 6 in Transmutations
  6479 | D:5      | Found a shimmering altar of Xom.
  6493 | D:5      | Noticed Edmund
  6511 | D:5      | Killed Edmund
  6592 | D:5      | Noticed Grinder
  6600 | D:5      | Paralysed by Grinder for 3 turns
  6608 | D:5      | Paralysed by Grinder for 3 turns
  6612 | D:5      | Killed Grinder
  6862 | D:5      | Found a shadowy altar of Dithmenos.
  7035 | D:5      | Found a blossoming altar of Fedhas.
  7431 | D:5      | Reached skill level 7 in Transmutations
  7634 | D:5      | Reached ** piety under Cheibriados
  7684 | D:6      | Reached skill level 5 in Spellcasting
  7883 | D:6      | Reached XP level 9. HP: 46/53 MP: 16/16
  7994 | D:6      | Upgraded the game from 0.25-a0-194-gece12570e2 to
                  | 0.25-a0-341-g6f074c887a
  8081 | D:6      | Gained mutation: Your muscles are strong. (Str +2)
                  | [evolution]
  8081 | D:6      | Lost mutation: You evolve. [end of evolution]
  8208 | D:6      | Found a shattered altar of Ashenzari.
  8208 | D:6      | Found a burning altar of Makhleb.
  8243 | D:6      | Reached skill level 5 in Dodging
  8569 | D:6      | Found Eptutio's Antique Armour Shop.
  9089 | D:7      | Learned a level 2 spell: Blink
  9093 | D:7      | Learned a level 3 spell: Mephitic Cloud
  9264 | D:7      | Found Feuxtoeck's Jewellery Boutique.
  9465 | D:7      | Reached *** piety under Cheibriados
 10037 | D:8      | Reached skill level 8 in Transmutations
 10374 | D:8      | Found a runed translucent door.
 10374 | D:8      | Found a shimmering altar of Xom.
 10374 | D:8      | Noticed an12's ghost (novice GrMo)
 10375 | D:8      | Noticed a +0 spear of chaos
 10528 | D:8      | Slain by an ogre

Levels and vault maps discovered:
D:1:      lemuel_arrival_hallway, layout_basic, minmay_lizard_king
D:2:      layout_basic, uniq_natasha
D:3:      layout_loops_ring, nicolae_gozag_zags_fifth_avenue, first_ration,
          kennysheep_cluttered_room
D:4:      layout_basic, amethyst_overflow_temple_binary,
          minmay_temple_entry_mist, serial_forest,
          infiniplex_forest_clump_small, infiniplex_forest_lined_corner,
          infiniplex_forest_lined_3, infiniplex_forest_end_2,
          infiniplex_forest_straight_2, infiniplex_forest_straight_2,
          nicolae_ossuary_entry_false_entrances, kennysheep_dice
D:5:      layout_basic, fedhas_altar_4, lemuel_doored_altar,
          nicolae_ru_sacrificial_ziggurat, nicolae_dithmenos_the_darkroom,
          uniq_grinder, uniq_edmund, uniq_sigmund
D:6:      layout_rooms, chequers_temple_overflow_statue_of_worship,
          serial_shops, shop_fountains
D:7:      layout_basic, serial_shops, shop, serial_park_tiny_pond
D:8:      layout_basic, ebering_ghost_xom, grunt_ogre_cave, nrook_mini_vaults,
          glass_columns_a
Temple:   minmay_temple_bridge_abc

Skill      XL: |  1  2  3  4  5  6  7  8  9 |
---------------+----------------------------+-----
Dodging        | 3 4 6 |  6.1
Conjurations   | 1 |  1.0
Transmutations | 3 4 5 7 8 |  8.0
Unarmed Combat | 4 5 6 7 |  7.2
Spellcasting   | 3 4 5 6 |  6.2
Fighting       | |  1.5

Action                   |  1- 3 |  4- 6 |  7- 9 || total
-------------------------+-------+-------+-------++-------
Melee: Unarmed           |    92 |   194 |   286 ||   572
       Constrict         |    23 |    49 |    52 ||   124
       Tentacles         |    14 |    41 |    68 ||   123
       Punch             |     1 |     6 |    10 ||    17
       Kick              |       |    14 |    85 ||    99
 Cast: Spider Form       |     1 |     4 |     5 ||    10
       Beastly Appendage |     1 |     2 |       ||     3
       Magic Dart        |       |     2 |       ||     2
       Regeneration      |       |       |     2 ||     2
       Mephitic Cloud    |       |       |     1 ||     1
       Blade Hands       |       |       |     1 ||     1
  Use: Potion            |       |     4 |     6 ||    10
       Scroll            |       |       |    11 ||    11
 Stab: Sleeping          |     7 |     4 |     8 ||    19
  Eat: Chunk             |     3 |     8 |    10 ||    21
       Ration            |       |     1 |       ||     1
Armor: Skin              |     3 |     4 |     7 ||    14
Dodge: Dodged            |    49 |   111 |   219 ||   379

Table legend:
 A = Non-vault XP
 B = Vault XP
 C = Vault XP percentage of total XP
 D = Non-vault monster count
 E = Vault monster count
 F = Vault count percentage of total count
                 A         B        C        D         E       F
            +---------+---------+-------+---------+---------+-------
      Total |    3519 |     970 |  21.6 |     154 |      47 |  23.4
            +---------+---------+-------+---------+---------+-------
        D:1 |      54 |       7 |  11.5 |      26 |       5 |  16.1
        D:2 |     119 |      35 |  22.7 |      17 |       1 |   5.6
        D:3 |      49 |       0 |   0.0 |      10 |       0 |   0.0
        D:4 |     250 |      89 |  26.3 |      16 |       2 |  11.1
        D:5 |     809 |     678 |  45.6 |      32 |       3 |   8.6
        D:6 |     521 |       0 |   0.0 |      13 |       0 |   0.0
        D:7 |     909 |       0 |   0.0 |      27 |       0 |   0.0
        D:8 |     808 |       0 |   0.0 |      13 |       0 |   0.0
    Ossuary |       0 |     161 | 100.0 |       0 |      36 | 100.0
            +---------+---------+-------+---------+---------+-------
